 Dungeon Crawl Stone Soup version 0.22.1-1-ga44c0e5 (webtiles) character file.

9386 theElss the Basher (level 11, 0/100 HPs)
             Began as a Gargoyle Berserker on Oct 1, 2018.
             Was a High Priest of Trog.
             Slain by a hornet (4 damage)
             ... on level 11 of the Dungeon.
             The game lasted 00:28:22 (9776 turns).

theElss the Basher (Gargoyle Berserker)             Turns: 9776, Time: 00:28:22

Health: 0/100      AC: 17    Str: 27    XL:     11   Next: 45%
Magic:  3/3        EV: 13    Int:  8    God:    Trog [*****.]
Gold:   638        SH:  4    Dex: 11    Spells: 10/10 levels left

rFire    . . .     SeeInvis .   a - +2 morningstar (antimagic)
rCold    . . .     Gourm    .   v - +0 buckler
rNeg     + + .     Faith    .   i - +1 ring mail {MR+}
rPois    ∞         Spirit   .   (no helmet)
rElec    +         Reflect  .   (no cloak)
rCorr    .         Harm     .   (no gloves)
MR       +++..                  D - +0 pair of boots
Stlth    ..........             (no amulet)
HPRegen  1.26/turn              s - +1 ring of protection
MPRegen  0.08/turn              y - ring of positive energy

@: berserking (expiring), regenerating, very quick
A: negative energy resistance 1, electricity resistance, unbreathing,
petrification resistance, rot immunity, AC +8
a: Berserk, Trog's Hand, Brothers in Arms, Renounce Religion


You were on level 11 of the Dungeon.
You worshipped Trog.
Trog was extremely pleased with you.
You were very hungry.

You visited 1 branch of the dungeon, and saw 11 of its levels.
You also visited: Sewer.

You collected 638 gold pieces.

Inventory:

Hand Weapons
 a - a +2 antimagic morningstar (weapon)
 b - a +0 hunting sling
 H - a +1 whip of draining
Missiles
 f - 422 stones (quivered)
Armour
 i - a +1 ring mail of magic resistance (worn)
 v - a +0 buckler (worn)
 D - a +0 pair of boots (worn)
Jewellery
 s - a +1 ring of protection (left hand)
 y - a ring of positive energy (right hand)
 A - an uncursed ring of resist corrosion
 C - an uncursed ring of poison resistance {unknown}
Wands
 n - a wand of flame (21)
 G - a wand of polymorph (16)
 K - a wand of iceblast (9)
 L - a wand of acid (8)
Scrolls
 d - 7 scrolls of identify {unknown}
 h - a scroll of magic mapping {unknown}
 k - 3 scrolls of fog {unknown}
 l - 2 scrolls of immolation {unknown}
 t - 4 scrolls of enchant weapon {unknown}
 u - 3 scrolls of blinking {unknown}
 w - 4 scrolls of teleportation {unknown}
 x - a scroll of enchant armour {unknown}
 B - 2 scrolls of brand weapon {unknown}
 E - 2 scrolls of remove curse {unknown}
 F - a scroll of random uselessness {unknown}
 I - a scroll of acquirement {unknown}
 N - a scroll of amnesia {unknown}
 P - a scroll of fear {unknown}
Potions
 e - 8 potions of curing {unknown}
 g - 2 potions of degeneration {unknown}
 j - a potion of lignification {unknown}
 m - 2 potions of flight {unknown}
 o - 5 potions of heal wounds {unknown}
 p - 3 potions of agility {unknown}
 q - 2 potions of brilliance {unknown}
 r - a potion of ambrosia {unknown}
 z - a potion of mutation {unknown}
 J - a potion of haste {unknown}
 M - a potion of berserk rage {unknown}
Comestibles
 c - 16 rations
 O - 2 chunks of flesh


   Skills:
 - Level 7.3 Fighting
 + Level 13.7 Maces & Flails
 - Level 6.1 Armour
 - Level 5.2 Dodging
 - Level 1.4 Stealth
 - Level 4.1 Shields


You had 10 spell levels left.
You didn't know any spells.
Your spell library was empty.

Dungeon Overview and Level Annotations

Branches:
Dungeon (11/15)            Temple (0/1) D:4            Lair (0/6) D:9
    Orc: D:9-12

Altars:
Elyvilon
Fedhas
Kikubaaqudgha
Makhleb
Nemelex Xobeh
Okawaru
Ru
Trog
Vehumet
Wu Jian
Xom
Yredelemnul
Zin

Shops:
D:8 =   D:11 (

Annotations:
D:7 2 transporters, raikaria's ghost, novice VSAs


Innate Abilities, Weirdness & Mutations

You are resistant to torment.
Your stone body is resilient. (AC +8)
You are immune to poison.
You resist negative energy. (rN+)
You are resistant to electric shocks. (rElec)
You can survive without breathing.
You are immune to petrification.
You are immune to rotting.


Message History

The hornet stings you but does no damage.
You puncture the hornet!
The hornet is heavily wounded.
You hit the hornet.
The hornet is severely wounded.
You block the hornet's attack.
You closely miss the hornet.
The hornet is heavily wounded.
The hornet stings you but does no damage.
You sock the hornet!
The hornet is severely wounded.
The hornet barely misses you.
You puncture the hornet!
You kill the hornet!
Trog accepts your kill.
You barely miss the hornet. The hornet stings you.
* * * LOW HITPOINT WARNING * * *
Unknown command.
You barely miss the hornet. The hornet stings you.
You die...

.....# .....# .....#
....# ## ....# #.#
## ....##### ..
##.#.# ........# >..
#.#.# ###'#+###.....
#y#.#
..............##@###
...................#
..................##
..................#
..................#
..................#
..................#
'##+####..#######.#
.......#..# #.#


You could see a hornet.

Vanquished Creatures
  2 two-headed ogres
  Nergalle (D:10)
  A deep elf mage (D:8)
  A komodo dragon (D:11)
  A troll (D:9)
  The ghost of brandon the Chopper, an amateur MiBe of Trog (D:3)
  Grinder (D:4)
  3 hornets (D:11)
  A hippogriff (D:11)
  3 yaks (D:11)
  2 water moccasins (D:8)
  Duvessa (D:7)
  2 orc warriors
  2 sky beasts
  A black bear (D:8)
  2 phantoms
  4 ogres
  3 centaurs
  4 big kobolds
  6 bullfrogs
  A wyvern zombie (D:8)
  Dowan (D:7)
  A scorpion (D:10)
  9 killer bees (D:9)
  A vampire bat (D:5)
  9 wights
  9 howler monkeys
  3 crimson imps
  A quasit (D:9)
  A jelly (D:5)
  3 bullfrog zombies
  A hound (D:9)
  6 orc priests
  3 orc wizards
  A bullfrog skeleton (D:10)
  3 iguanas
  12 worker ants
  A killer bee zombie (D:6)
  A hound zombie (D:7)
  3 hound skeletons
  A worker ant zombie (D:11)
  6 gnolls
  A howler monkey skeleton (D:10)
  24 adders
  A shadow imp (D:10)
  13 oozes
  3 worms (D:2)
  2 dart slugs
  3 fire bats (D:5)
  7 leopard geckos
  20 orcs
  2 spectral bats (D:5)
  8 ball pythons
  3 bat skeletons (D:5)
  A bat zombie (D:5)
  9 giant cockroaches
  4 hobgoblins
  12 jackals
  2 quokkas
  13 bats
  A bat simulacrum (D:5)
  18 frilled lizards
  3 goblins
  A jackal zombie (D:5)
  24 kobolds
  3 leopard gecko skeletons
  12 rats
309 creatures vanquished.

Notes
Turn   | Place    | Note
-------+----------+-------------------------------------------
     0 | D:1      | theElss the Gargoyle Berserker began the quest for the Orb.
     0 | D:1      | Reached XP level 1. HP: 14/14 MP: 1/1
   235 | D:1      | Reached XP level 2. HP: 19/19 MP: 2/2
   769 | D:2      | Reached XP level 3. HP: 24/24 MP: 3/3
   882 | D:2      | Noticed an ogre
  1165 | D:2      | Reached XP level 4. HP: 29/29 MP: 4/4
  1317 | D:2      | Reached skill level 4 in Maces & Flails
  1571 | D:3      | Reached ** piety under Trog
  1602 | D:3      | Reached XP level 5. HP: 33/33 MP: 5/5
  1715 | D:3      | Found a transporter.
  1716 | D:3      | Found a transporter.
  1717 | D:3      | Noticed brandon's ghost (amateur MiBe)
  2146 | D:3      | Reached skill level 5 in Maces & Flails
  2146 | D:3      | Reached XP level 6. HP: 38/38 MP: 6/6
  2543 | D:3      | Found a blossoming altar of Fedhas.
  2588 | D:3      | Found a burning altar of Makhleb.
  2646 | D:3      | Killed brandon's ghost
  2646 | D:3      | Reached XP level 7. HP: 44/44 MP: 7/7
  2649 | D:3      | Reached skill level 6 in Maces & Flails
  2716 | D:4      | Noticed Grinder
  2721 | D:4      | Killed Grinder
  2721 | D:4      | Reached skill level 5 in Fighting
  2733 | D:4      | Found an ancient bone altar of Kikubaaqudgha.
  2767 | D:4      | Reached XP level 8. HP: 45/49 MP: 8/8
  2826 | D:4      | Reached skill level 7 in Maces & Flails
  2826 | D:4      | Reached skill level 5 in Armour
  2833 | D:4      | Reached *** piety under Trog
  2953 | D:4      | Reached skill level 1 in Shields
  3119 | D:4      | Found a glowing silver altar of Zin.
  3162 | D:4      | Found a staircase to the Ecumenical Temple.
  3362 | D:5      | Entered Level 5 of the Dungeon
  3439 | D:5      | Reached skill level 1 in Stealth
  3796 | D:5      | Reached **** piety under Trog
  3862 | D:5      | Found a sparkling altar of Nemelex Xobeh.
  3862 | D:5      | Found a bloodstained altar of Trog.
  3904 | D:5      | Found a sacrificial altar of Ru.
  4021 | D:6      | Reached skill level 8 in Maces & Flails
  4021 | D:6      | Reached XP level 9. HP: 35/55 MP: 9/9
  4022 | D:6      | Found a glowing drain.
  4034 | Sewer    | Entered a sewer
  4244 | Sewer    | Received a gift from Trog
  4498 | Sewer    | Reached ***** piety under Trog
  5575 | D:7      | Found a radiant altar of Vehumet.
  5798 | D:7      | Found a transporter.
  5798 | D:7      | Noticed raikaria's ghost (novice VSAs)
  5799 | D:7      | Found a glowing silver altar of Zin.
  5864 | D:7      | Found a transporter.
  5901 | D:7      | Reached skill level 9 in Maces & Flails
  5912 | D:7      | Noticed Duvessa
  6031 | D:7      | Killed Duvessa
  6044 | D:7      | Noticed Dowan
  6054 | D:7      | Killed Dowan
  6578 | D:8      | Reached skill level 5 in Dodging
  6586 | D:8      | Found Inu Belu's Jewellery Emporium.
  6691 | D:8      | Reached XP level 10. HP: 60/63 MP: 10/10
  6952 | D:8      | Received a gift from Trog
  7060 | D:8      | Found an ornate altar of the Wu Jian Council.
  7144 | D:8      | Noticed a two-headed ogre
  7163 | D:8      | Killed a two-headed ogre
  7163 | D:8      | Reached skill level 10 in Maces & Flails
  7179 | D:8      | Found a white marble altar of Elyvilon.
  7321 | D:8      | Found a sacrificial altar of Ru.
  7321 | D:8      | Noticed a deep elf mage
  7328 | D:8      | Killed a deep elf mage
  7469 | D:9      | Found a shimmering altar of Xom.
  7475 | D:9      | Reached skill level 11 in Maces & Flails
  7997 | D:9      | Found an iron altar of Okawaru.
  8173 | D:9      | Found a staircase to the Lair.
  8352 | D:9      | Reached skill level 12 in Maces & Flails
  8410 | D:9      | Found a basalt altar of Yredelemnul.
  8702 | D:10     | Entered Level 10 of the Dungeon
  8775 | D:10     | Noticed Nergalle
  8785 | D:10     | Killed Nergalle
  8785 | D:10     | Reached XP level 11. HP: 67/67 MP: 3/11
  9255 | D:11     | Noticed a two-headed ogre
  9264 | D:11     | Killed a two-headed ogre
  9266 | D:11     | Reached skill level 13 in Maces & Flails
  9689 | D:11     | Found Peadajog's Weapon Shoppe.
  9768 | D:11     | HP: 2/100 [hornet (6)]
  9775 | D:11     | HP: 3/100 [hornet (4)]
  9776 | D:11     | Slain by a hornet

Skill      XL: |  1  2  3  4  5  6  7  8  9 10 11 |
---------------+----------------------------------+-----
Fighting       | 4 5 6 7 |  7.3
Maces & Flails | 4 5 6 8 9 12 13 | 13.7
Dodging        | 2 3 5 |  5.2
Armour         | 3 4 5 6 |  6.1
Shields        | 1 2 4 |  4.1
Stealth        | 1 |  1.4

Action                   |  1- 3 |  4- 6 |  7- 9 | 10-12 || total
-------------------------+-------+-------+-------+-------++-------
Melee: Mace              |    55 |       |       |       ||    55
       Whip              |    18 |   157 |   705 |    52 ||   932
       Morningstar       |       |       |       |   357 ||   357
 Fire: Hunting sling     |       |       |     2 |       ||     2
Invok: Trog's Hand       |       |     1 |       |     1 ||     2
       Berserk           |       |     1 |     6 |     7 ||    14
  Eat: Chunk             |     1 |     5 |    20 |    17 ||    43
Armor: Ring mail         |    33 |    68 |   263 |   181 ||   545
Dodge: Dodged            |    39 |    60 |   336 |   272 ||   707
Block: Buckler           |       |    12 |    82 |    81 ||   175
